 Dungeon Crawl Stone Soup version 0.23-a0-667-gc184e93 (webtiles) character file.

535 Lanoc the Insei (level 7, -9/45 HPs)
             Began as an Octopode Transmuter on Jan 8, 2019.
             Killed by divine providence
             ... invoked by an orc priest
              (11 damage)
             ... on level 5 of the Dungeon.
             The game lasted 00:07:29 (3556 turns).

Lanoc the Insei (Octopode Transmuter)               Turns: 3556, Time: 00:07:30

Health: -9/45      AC:  1    Str:  9    XL:     7   Next: 25%
Magic:  11/11      EV: 14    Int: 17    God:
Gold:   162        SH:  0    Dex: 13    Spells: 6/12 levels left

rFire    . . .     SeeInvis .     - Unarmed
rCold    . . .     Gourm    .   (no shield)
rNeg     . . .     Faith    .   (helmet restricted)
rPois    .         Spirit   .   (no amulet)
rElec    .         Reflect  .   (no ring)
rCorr    .         Harm     .   (no ring)
MR       .....                  (no ring)
Stlth    ++........             (no ring)
HPRegen  0.15/turn              (no ring)
MPRegen  0.12/turn              (no ring)
                                (no ring)
                                (no ring)

@: appendage
A: almost no armour, stealthy swim, amphibious, 8 rings, constrict 8, tentacle
spike 3, camouflage 1, gelatinous body 1
a: End Transformation


You were on level 5 of the Dungeon.
You were not hungry.
One of your tentacles had a temporary spike.
You visited 1 branch of the dungeon, and saw 5 of its levels.

You collected 162 gold pieces.

Inventory:

Missiles
 a - 89 arrows
Wands
 b - a wand of acid (4)
Scrolls
 e - a scroll of random uselessness {unknown}
 f - a scroll of enchant weapon
Potions
 d - a potion of curing
 k - 2 potions of mutation
Comestibles
 c - 9 rations
 g - 3 chunks of flesh


   Skills:
 + Level 2.8 Fighting
 + Level 3.3 Dodging
 * Level 5.0 Unarmed Combat
 + Level 3.2 Spellcasting
 * Level 4.3 Transmutations


You had 6 spell levels left.
You knew the following spells:

 Your Spells              Type           Power        Failure   Level  Hunger
a - Beastly Appendage     Tmut           ###...       3%          1    None
b - Sticks to Snakes      Tmut           ###.....     4%          2    ##.....
c - Spider Form           Tmut/Pois      ##........   22%         3    ###....

Your spell library contained the following spells:

 Spells                   Type           Power        Failure   Level  Hunger
 Ice Form                 Ice/Tmut       ##......     56%         4    ####...
 Blade Hands              Tmut           ###.......   63%         5    ######.


Dungeon Overview and Level Annotations

Branches:
Dungeon (5/15)
 Temple: D:4-7

Altars:
Fedhas


Innate Abilities, Weirdness & Mutations

You cannot wear most types of armour.
You are very stealthy in the water. (Stealth+)
You are amphibious.
You can wear up to eight rings at the same time.
You can use your tentacles to constrict eight enemies at once.
Your skin changes colour to match your surroundings (Stealth+).
Your rubbery body absorbs attacks. (AC +1, EV +1)
One of your tentacles bears a large vicious spike.


Message History

The orc priest miscasts a cantrip.
You tentacle-slap the orc priest but do no damage.
You squeeze the orc priest, but do no damage.
The orc priest is lightly wounded.
You constrict the orc priest, but do no damage.
The orc priest mumbles some strange prayers to Beogh against you.
Pain shoots through your body!
You tentacle-slap the orc priest but do no damage.
You constrict the orc priest. The orc priest hits you with a +5 mace.
The orc hits you with a +0 mace.
The orc priest looks braver for a moment.
You release your grip on the orc priest.
The orc priest calls down the wrath of Beogh upon you.
Beogh smites you!
* * * LOW HITPOINT WARNING * * *
The orc misses you. The orc priest hits you with a +5 mace!
* * * LOW HITPOINT WARNING * * *
The orc priest calls down the wrath of Beogh upon you.
Beogh smites you!
You die...

#.........#
#.....oo..# .
#####........##..
#................
........oo...#
#.###....)...#
..#.###o.......#
........oo##.####
...>....@........
.....###..##.####
.... #..##.####
... #......... .#
#.###.####
#.###.######.
#..<.........
#........#.#
#........#


You could see 3 orc priests and 4 orcs.

Vanquished Creatures
  A centaur (D:5)
  An ogre (D:4)
  A crimson imp (D:4)
  A bullfrog skeleton (D:4)
  2 orc wizards (D:4)
  An iguana (D:4)
  Jessica (D:3)
  A worker ant (D:4)
  6 adders
  2 oozes
  2 worms (D:3)
  6 dart slugs
  7 leopard geckos
  13 orcs
  7 ball pythons
  2 giant cockroaches
  5 goblins
  7 hobgoblins
  6 jackals (D:4)
  A quokka (D:4)
  2 bats
  3 frilled lizards
  9 kobolds
  8 rats
95 creatures vanquished.

Notes
Turn   | Place    | Note
-------+----------+-------------------------------------------
     0 | D:1      | Lanoc the Octopode Transmuter began the quest for the Orb.
     0 | D:1      | Reached XP level 1. HP: 13/13 MP: 3/3
    44 | D:1      | Reached XP level 2. HP: 9/18 MP: 3/5
    80 | D:1      | Learned a level 2 spell: Sticks to Snakes
   282 | D:1      | Reached XP level 3. HP: 17/23 MP: 4/6
   287 | D:1      | Learned a level 3 spell: Spider Form
  1106 | D:2      | Found a blossoming altar of Fedhas.
  1165 | D:2      | Reached XP level 4. HP: 20/28 MP: 5/7
  1791 | D:3      | Reached XP level 5. HP: 14/34 MP: 6/8
  2025 | D:3      | Reached skill level 4 in Unarmed Combat
  2242 | D:3      | Noticed Jessica
  2249 | D:3      | Killed Jessica
  2618 | D:4      | Reached XP level 6. HP: 6/39 MP: 10/10
  3152 | D:5      | Entered Level 5 of the Dungeon
  3205 | D:4      | Reached XP level 7. HP: 19/45 MP: 9/11
  3519 | D:5      | Reached skill level 5 in Unarmed Combat
  3556 | D:5      | HP: 2/45 [orc priest/+5 mace (8)]
  3556 | D:5      | Killed from afar by an orc priest

Vault maps used:
D:1:      dpeg_arrival_lava_temple_mockup, minmay_shallow_snake_nest
D:2:      fedhas_altar_2, first_ration
D:3:      minmay_distorted, uniq_jessica
D:5:      tso_oasis_becter, nicolae_overflow_crystal_walls, elyvilon_altar_5

Skill      XL: |  1  2  3  4  5  6  7 |
---------------+----------------------+-----
Transmutations | 3 4 |  4.3
Unarmed Combat | 4 5 |  5.0
Fighting       | 2 |  2.8
Dodging        | 3 |  3.3
Spellcasting   | 3 |  3.2

Action                   |  1- 3 |  4- 6 |  7- 9 || total
-------------------------+-------+-------+-------++-------
Melee: Unarmed           |    73 |   146 |    12 ||   231
       Constrict         |    26 |    33 |     3 ||    62
       Tentacles         |    17 |    29 |     2 ||    48
       Kick              |    13 |    39 |     6 ||    58
       Punch             |       |     5 |     1 ||     6
 Cast: Beastly Appendage |    21 |    26 |     3 ||    50
  Use: Scroll            |       |     9 |       ||     9
       Potion            |       |     2 |       ||     2
 Stab: Sleeping          |     7 |     3 |       ||    10
  Eat: Chunk             |     1 |     6 |     2 ||     9
Armor: Skin              |     3 |     5 |     2 ||    10
Dodge: Dodged            |    39 |    94 |    13 ||   146

Table legend:
 A = Non-vault XP
 B = Vault XP
 C = Vault XP percentage of total XP
 D = Non-vault monster count
 E = Vault monster count
 F = Vault count percentage of total count
                 A         B        C        D         E       F
            +---------+---------+-------+---------+---------+-------
      Total |     719 |      46 |   6.0 |      88 |       7 |   7.4
            +---------+---------+-------+---------+---------+-------
        D:1 |      55 |       4 |   6.8 |      23 |       4 |  14.8
        D:2 |      54 |       0 |   0.0 |      16 |       0 |   0.0
        D:3 |     110 |      42 |  27.6 |      26 |       3 |  10.3
        D:4 |     382 |       0 |   0.0 |      20 |       0 |   0.0
        D:5 |     118 |       0 |   0.0 |       3 |       0 |   0.0
            +---------+---------+-------+---------+---------+-------
